 Dungeon Crawl Stone Soup version 0.21.0 (webtiles) character file.

422 Jynx the Transmogrifier (level 6, -5/51 HPs)
             Began as a Merfolk Transmuter on Jan 6, 2018.
             Killed from afar by an orc wizard (8 damage)
             ... with a magic dart
             ... on level 4 of the Dungeon.
             The game lasted 00:06:22 (2623 turns).

Jynx the Transmogrifier (Merfolk Transmuter)        Turns: 2623, Time: 00:06:22

Health: -5/51      AC:  2    Str: 10    XL:     6   Next: 95%
Magic:  23/23      EV: 17    Int: 13    God:
Gold:   147        SH:  0    Dex: 16    Spells: 0/15 levels left

rFire    . . .     SeeInvis .     - Unarmed
rCold    . . .     Gourm    .   (no shield)
rNeg     . . .     Faith    .   b - +0 robe
rPois    .         Spirit   .   (no helmet)
rElec    .         Reflect  .   (no cloak)
rCorr    .         Harm     .   (no gloves)
MR       .....                  (no boots)
Stlth    +.........             (no amulet)
HPRegen  0.17/turn              m - ring of magical power
MPRegen  0.18/turn              (no ring)

@: very slightly contaminated
A: change form in water, swift swim, stealthy swim
a: no special abilities


You were on level 4 of the Dungeon.
You were hungry.

You visited 1 branch of the dungeon, and saw 4 of its levels.

You collected 147 gold pieces.

Inventory:

Missiles
 a - 15 arrows
Armour
 b - a +0 robe (worn)
Jewellery
 m - a ring of magical power (left hand)
Scrolls
 j - a scroll of amnesia
 l - 3 scrolls of remove curse
Potions
 g - a potion of heal wounds {unknown}
 h - a potion of degeneration {unknown}
 i - 2 potions of mutation {unknown}
 n - a potion of brilliance {unknown}
Books
 c - a book of Changes

   Spells                             Type                      Level
   a - Beastly Appendage              Transmutation                1
   b - Sticks to Snakes               Transmutation                2
   c - Spider Form                    Transmutation/Poison         3
   d - Ice Form                       Ice/Transmutation            4
   e - Blade Hands                    Transmutation                5
Comestibles
 d - 3 rations
 f - a chunk of flesh


   Skills:
 + Level 5.2 Fighting
 + Level 7.6 Dodging
 * Level 6.1 Unarmed Combat
 - Level 5.3 Spellcasting
 - Level 10.8 Transmutations
 + Level 0.1 Ice Magic


You couldn't memorise any spells.
You knew the following spells:

 Your Spells              Type           Power        Failure   Level  Hunger
a - Beastly Appendage     Tmut           ####..       1%          1    None
b - Sticks to Snakes      Tmut           ####....     1%          2    ##.....
c - Spider Form           Tmut/Pois      ###.......   6%          3    ###....
d - Blade Hands           Tmut           ####......   6%          5    ######.
e - Ice Form              Ice/Tmut       ###.....     19%         4    ####...


Dungeon Overview and Level Annotations

Branches:
Dungeon (4/15)
 Temple: D:4-7

Altars:
Dithmenos


Message History

It is a scroll of enchant weapon.
You aren't carrying any weapons that can be enchanted.
Okay, then.
Unknown command.
Okay, then.
Blink to where?
Press: ? - help, Dir - move target cursor You are very lightly contaminated with residual magic.
As you read the scroll labeled FISTRU VUUHEA, it crumbles to dust.
It was a scroll of blinking.
Your transformation is almost over.
You are feeling hungry.
Your hands revert to their normal proportions.
Some of the chunks of flesh in your inventory have rotted away.
The orc wizard points at you and mumbles some strange words.
The puff of flame hits you!
* * * LOW HITPOINT WARNING * * *
The orc wizard gestures at you while chanting.
The magic dart hits you!
You die...

...##o..## ##.........# .......>#
#.o........# .ยง.....##
#..........## o......#
##o..........### .......#
#............... .......##
#............... ........##
##.............## ....[....##
##..............## ..........###
##@.##...........##
.###........###...##............#
##.............###...........#
#....#..#...#.####..........#
#...###.##.....# ##.........#
##<## #.#######..####.......# ###
#.# ### ##.....## ### #######


You could see 2 orc wizards.

Vanquished Creatures
  Sigmund (D:2)
  4 adders
  An ooze (D:2)
  A dart slug (D:3)
  3 leopard geckos
  8 giant cockroaches
  4 goblins
  6 hobgoblins
  A quokka (D:2)
  3 bats
  A frilled lizard (D:2)
  6 kobolds
  4 rats
43 creatures vanquished.

Vanquished Creatures (collateral kills)
  Natasha (D:2)
1 creature vanquished.

Grand Total: 44 creatures vanquished

Notes
Turn   | Place    | Note
-------+----------+-------------------------------------------
     0 | D:1      | Jynx the Merfolk Transmuter began the quest for the Orb.
     0 | D:1      | Reached XP level 1. HP: 15/15 MP: 3/3
   250 | D:1      | Reached skill level 3 in Transmutations
   278 | D:1      | Reached XP level 2. HP: 5/21 MP: 3/5
   954 | D:2      | Reached XP level 3. HP: 21/26 MP: 4/6
   962 | D:2      | Learned a level 2 spell: Sticks to Snakes
   966 | D:2      | Learned a level 3 spell: Spider Form
   991 | D:2      | Noticed Sigmund
  1019 | D:2      | Killed Sigmund
  1019 | D:2      | Reached skill level 5 in Transmutations
  1019 | D:2      | Reached XP level 4. HP: 11/32 MP: 1/8
  1019 | D:2      | Reached XP level 5. HP: 12/37 MP: 1/9
  1218 | D:2      | You fall through a shaft!
  1884 | D:2      | Found a shadowy altar of Dithmenos.
  2008 | D:2      | Noticed Natasha
  2020 | D:2      | Killed Natasha
  2171 | D:2      | Reached skill level 5 in Fighting
  2171 | D:2      | Reached skill level 5 in Spellcasting
  2171 | D:2      | Reached skill level 10 in Transmutations
  2171 | D:2      | Reached XP level 6. HP: 51/51 MP: 14/14
  2178 | D:2      | Learned a level 5 spell: Blade Hands
  2183 | D:2      | Learned a level 4 spell: Ice Form
  2623 | D:4      | Killed from afar by an orc wizard

Skill      XL: |  1  2  3  4  5 |
---------------+----------------+-----
Transmutations | 3 5 10 | 10.8
Dodging        | 3 4 7 |  7.6
Spellcasting   | 3 5 |  5.3
Fighting       | 5 |  5.2
Unarmed Combat | 6 |  6.1
Ice Magic      | |  0.1

Action                   |  1- 3 |  4- 6 || total
-------------------------+-------+-------++-------
Melee: Unarmed           |    57 |    86 ||   143
       Headbutt          |     7 |    14 ||    21
       Punch             |       |     1 ||     1
 Cast: Beastly Appendage |     8 |    12 ||    20
       Sticks to Snakes  |     3 |     4 ||     7
       Blade Hands       |       |     4 ||     4
  Use: Scroll            |       |     5 ||     5
       Potion            |       |     1 ||     1
  Eat: Chunk             |       |     7 ||     7
Armor: Robe              |     4 |    12 ||    16
Dodge: Dodged            |    34 |    79 ||   113
